Map: Agria Valley

Players

Player 2

  • Race: Zerg Zerg
  • Spawn Location: 5:00

NamroodTuo - Winner!

  • Race: Zerg Zerg

VOD

Have the link to the VOD?

Description

Time

  • Played on: Jan. 10, 2023, 7:13 a.m.
  • Length: 19:04
Show
View Real Time Build Order
Export as new Build Order

Player 2 Zerg 

Build Orders: 1 Base Baneling Bust, Pool First 

Get SALT Encoding   

  12  0:01  Drone  
  12  0:03  Unknown  
  13  0:12  Overlord  
  13  0:18  Drone  
  14  0:30  Drone  
  14  0:32  Drone  
  16  0:44  Spawning Pool  
  16  0:45  Drone  
  16  0:50  Drone  
  16  0:52  Extractor  
  16  0:55  Drone  
  17  1:04  Overlord  
  17  1:16  Zergling x2  
  18  1:20  Queen  
  18  1:27  Zergling x2  
  19  1:36  Drone  
  19  1:39  Roach Warren  
  21  1:40  Extractor  
  20  1:47  Drone  
  21  1:58  Drone  
  22  2:08  Roach  
  24  2:19  Drone  
  25  2:30  Overlord  
  25  2:31  Roach, Drone  
  28  2:41  Roach  
  30  2:51  Overlord  
  30  2:52  Roach  
  32  3:03  Roach  
  34  3:13  Roach  
  34  3:15  Overlord  
  36  3:24  Roach  
  38  3:35  Roach  
  38  3:39  Overlord  
  40  3:44  Drone  
  40  3:45  Roach  
  40  3:47  Drone  
  44  3:50  Drone  
  44  3:55  Drone  
  46  3:56  Roach  
  46  3:58  Drone  
  49  4:03  Drone  
  49  4:07  Roach  
  38  4:18  Roach  
  40  4:28  Roach  
  42  4:39  Zergling x2  
  42  4:45  Baneling Nest  
  42  4:50  Roach  
  38  5:01  Roach, Drone  
  41  5:07  Evolution Chamber  
  41  5:09  Drone  
  41  5:11  Roach  
  43  5:22  Roach  
  34  5:33  Roach  
  32  5:43  Zergling x2  
  33  5:54  Roach  
  35  6:05  Roach  
  35  6:07  Drone  
  35  6:08  Queen  
  32  6:13  Overlord  
  32  6:16  Roach  
  33  6:23  Roach  
  35  6:30  Roach  
  37  6:34  Drone  
  37  6:36  Roach  
  37  6:40  Evolution Chamber  
  37  6:41  Drone  
  37  6:43  Roach  
  38  6:49  Roach  
  37  6:56  Roach  
  36  7:02  Roach  
  36  7:08  Lair  
  38  7:09  Drone, Zergling x2, Zerg Melee Weapons Level 1  
  38  7:13  Drone  
  38  7:15  Roach  
  33  7:24  Zergling x2  
  29  7:32  Drone  
  26  7:45  Drone  
  26  7:50  Drone, Queen  
  27  7:53  Drone  
  27  7:57  Drone  
  29  8:02  Drone  
  31  8:08  Drone  
  31  8:09  Spire  
  31  8:10  Drone  
  31  8:17  Zergling x2  
  28  8:28  Drone  
  28  8:38  Mutalisk  
  28  8:49  Drone  
  27  9:00  Zergling x2  
  26  9:11  Zergling x2  
  26  9:21  Mutalisk  
  26  9:31  Zerg Ground Armor Level 1  
  26  9:32  Drone  
  24  9:43  Zergling x2  
  22  9:54  Zergling x2  
  22  9:56  Zerg Missile Weapons Level 1  
  23  10:05  Drone  
  22  10:09  Drone, Zergling x2  
  22  10:15  Drone, Zergling x2  
  23  10:21  Mutalisk  
  23  10:26  Drone  
  23  10:37  Drone  
  23  10:47  Drone  
  23  10:58  Mutalisk  
  23  11:05  Zergling x2  
  23  11:11  Mutalisk  
  21  11:35  Zergling x2  
  21  11:37  Drone  
  21  11:38  Zergling x2  
  21  11:39  Drone  
  23  11:40  Drone  
  23  11:46  Mutalisk  
  19  12:25  Hatchery  
  19  12:28  Unknown  
  18  12:33  Zergling x2  
  18  12:41  Zergling x2  
  17  13:00  Mutalisk  
  19  13:09  Drone  
  16  13:21  Drone  
  13  13:36  Drone  
  13  13:49  Drone  
  14  14:02  Drone  
  14  14:16  Drone  
  14  14:29  Drone  
  14  14:44  Drone  
  14  14:56  Drone  
  14  15:11  Drone  
  13  15:25  Drone  
  13  15:37  Drone  
  13  16:38  Drone  
  14  16:46  Hatchery  
  13  16:47  Drone  
  13  16:50  Unknown  
  14  16:58  Drone, Hive  
  14  17:05  Drone  
  13  18:03  Drone  
  10  18:07  Drone  
  10  18:10  Unknown  
  7  18:29  Drone  
Show
View Real Time Build Order
Export as new Build Order

NamroodTuo Zerg - Winner!

Build Orders:  

Get SALT Encoding   

  12  0:00  Unknown x2  
  12  0:01  Unknown  
  13  0:08  Unknown  
  13  0:13  Unknown x2  
  15  0:21  Unknown  
  15  0:25  Unknown x2  
  15  0:39  Unknown  
  15  0:41  Unknown  
  15  0:50  Unknown  
  15  0:57  Unknown  
  15  0:59  Unknown x2  
  15  1:00  Unknown x2  
  18  1:11  Unknown  
  18  1:12  Unknown x2  
  18  1:13  Unknown  
  18  1:14  Unknown  
  18  1:15  Unknown  
  18  1:16  Unknown  
  18  1:17  Unknown  
  20  1:24  Unknown  
  20  1:32  Unknown  
  20  1:35  Unknown  
  20  1:43  Unknown  
  20  1:47  Unknown  
  20  1:50  Unknown  
  22  1:57  Unknown  
  22  1:59  Unknown  
  22  2:02  Unknown  
  22  2:08  Unknown x7  
  22  2:09  Unknown  
  22  2:13  Unknown  
  22  2:14  Unknown  
  22  2:15  Unknown x2  
  25  2:17  Unknown  
  25  2:21  Unknown x2  
  28  2:23  Unknown  
  28  2:24  Unknown x3  
  28  2:25  Unknown  
  28  2:26  Unknown  
  28  2:27  Unknown x2  
  28  2:28  Unknown x2  
  28  2:29  Unknown  
  30  2:30  Unknown x8  
  30  2:36  Unknown  
  28  2:44  Unknown  
  28  2:51  Unknown x16  
  28  3:09  Unknown x3  
  28  3:10  Unknown x2  
  31  3:13  Unknown x23  
  31  3:19  Unknown  
  31  3:23  Unknown  
  35  3:34  Unknown x16  
  35  3:38  Unknown  
  35  3:41  Unknown x3  
  33  3:43  Unknown x2  
  31  3:55  Unknown x13  
  31  3:56  Unknown x10  
  31  4:02  Unknown x4  
  31  4:03  Unknown  
  31  4:06  Unknown  
  31  4:08  Unknown  
  31  4:10  Unknown x2  
  31  4:12  Unknown  
  31  4:13  Unknown  
  30  4:17  Unknown x16  
  28  4:30  Unknown x2  
  28  4:38  Unknown x13  
  28  4:39  Unknown x5  
  28  4:40  Unknown  
  28  4:42  Unknown x5  
  28  4:43  Unknown x2  
  28  4:44  Unknown x6  
  28  4:45  Unknown x4  
  32  4:46  Unknown x5  
  32  4:47  Unknown x2  
  32  4:48  Unknown x3  
  32  4:49  Unknown x2  
  32  4:50  Unknown  
  32  5:00  Unknown x32  
  32  5:04  Unknown  
  32  5:09  Unknown x2  
  32  5:11  Unknown x2  
  32  5:12  Unknown x8  
  32  5:13  Unknown  
  32  5:14  Unknown  
  32  5:15  Unknown x2  
  32  5:18  Unknown  
  32  5:19  Unknown x6  
  32  5:20  Unknown x5  
  32  5:21  Unknown x39  
  32  5:22  Unknown x4  
  32  5:23  Unknown x2  
  32  5:24  Unknown x4  
  32  5:25  Unknown x2  
  32  5:26  Unknown  
  32  5:27  Unknown x4  
  32  5:28  Unknown x2  
  32  5:29  Unknown x2  
  32  5:30  Unknown  
  32  5:31  Unknown  
  32  5:32  Unknown x4  
  32  5:33  Unknown  
  32  5:35  Unknown x5  
  32  5:36  Unknown x2  
  32  5:37  Unknown  
  32  5:38  Unknown x2  
  32  5:40  Unknown  
  32  5:41  Unknown x3  
  32  5:42  Unknown x4  
  32  5:43  Unknown x28  
  32  5:47  Unknown  
  32  5:49  Unknown  
  32  5:53  Unknown  
  32  5:55  Unknown x2  
  32  6:01  Unknown x11  
  32  6:02  Unknown x9  
  32  6:03  Unknown  
  32  6:04  Unknown x39  
  32  6:05  Unknown x3  
  32  6:06  Unknown x12  
  32  6:09  Unknown x7  
  32  6:13  Unknown x7  
  32  6:14  Unknown x5  
  32  6:15  Unknown x2  
  32  6:16  Unknown x3  
  32  6:17  Unknown x4  
  32  6:18  Unknown x2  
  32  6:19  Unknown x5  
  32  6:20  Unknown x2  
  32  6:21  Unknown x2  
  36  6:25  Unknown x16  
  36  6:26  Unknown x16  
  36  6:30  Unknown  
  36  6:33  Unknown x5  
  36  6:34  Unknown x10  
  36  6:35  Unknown x5  
  36  6:38  Unknown  
  36  6:43  Unknown x5  
  36  6:44  Unknown  
  36  6:45  Unknown  
  36  6:46  Unknown x3  
  36  6:47  Unknown x37  
  36  6:48  Unknown x3  
  36  6:49  Unknown x14  
  36  6:50  Unknown x14  
  36  6:51  Unknown x2  
  36  6:53  Unknown x6  
  36  6:55  Unknown  
  36  6:58  Unknown x3  
  36  6:59  Unknown x7  
  36  7:00  Unknown x3  
  36  7:03  Unknown x2  
  36  7:04  Unknown  
  36  7:07  Unknown  
  36  7:08  Unknown x38  
  36  7:09  Unknown x13  
  36  7:10  Unknown x7  
  36  7:11  Unknown x3  
  36  7:12  Unknown x2  
  36  7:13  Unknown x4  
  36  7:14  Unknown x6  
  36  7:15  Unknown  
  36  7:16  Unknown  
  36  7:17  Unknown x2  
  36  7:18  Unknown x5  
  36  7:19  Unknown  
  36  7:20  Unknown x8  
  36  7:21  Unknown x11  
  36  7:22  Unknown x9  
  36  7:28  Unknown  
  36  7:29  Unknown x10  
  36  7:30  Unknown x42  
  36  7:31  Unknown x9  
  36  7:32  Unknown x3  
  36  7:33  Unknown x3  
  36  7:35  Unknown  
  36  7:36  Unknown x2  
  40  7:38  Unknown x11  
  40  7:45  Unknown  
  40  7:47  Unknown  
  40  7:48  Unknown x6  
  40  7:49  Unknown  
  40  7:51  Unknown x32  
  40  7:55  Unknown  
  40  7:58  Unknown x8  
  40  7:59  Unknown  
  40  8:00  Unknown x2  
  40  8:02  Unknown  
  40  8:04  Unknown x2  
  44  8:07  Unknown x13  
  44  8:08  Unknown x2  
  44  8:11  Unknown x6  
  44  8:12  Unknown x8  
  44  8:13  Unknown x40  
  44  8:14  Unknown x4  
  44  8:15  Unknown x7  
  44  8:16  Unknown x9  
  44  8:17  Unknown x2  
  44  8:19  Unknown x2  
  44  8:21  Unknown  
  44  8:24  Unknown x9  
  44  8:25  Unknown x7  
  44  8:26  Unknown x4  
  44  8:27  Unknown x7  
  44  8:28  Unknown x5  
  44  8:29  Unknown x4  
  44  8:30  Unknown  
  44  8:32  Unknown x6  
  44  8:34  Unknown x32  
  44  8:36  Unknown  
  44  8:38  Unknown x4  
  44  8:40  Unknown x6  
  48  8:41  Unknown x4  
  48  8:47  Unknown  
  48  8:50  Unknown  
  48  8:51  Unknown  
  48  8:53  Unknown  
  48  8:54  Unknown x3  
  48  8:55  Unknown x28  
  48  8:56  Unknown x42  
  48  8:57  Unknown  
  48  8:59  Unknown  
  48  9:04  Unknown  
  48  9:06  Unknown  
  48  9:07  Unknown x2  
  48  9:08  Unknown x11  
  48  9:09  Unknown x6  
  48  9:10  Unknown x4  
  48  9:11  Unknown  
  48  9:12  Unknown  
  48  9:13  Unknown x7  
  48  9:16  Unknown  
  48  9:17  Unknown x32  
  48  9:21  Unknown  
  48  9:24  Unknown  
  48  9:28  Unknown  
  48  9:30  Unknown  
  48  9:31  Unknown  
  48  9:33  Unknown  
  48  9:35  Unknown x3  
  48  9:36  Unknown x9  
  48  9:37  Unknown x9  
  48  9:38  Unknown x52  
  48  9:39  Unknown x18  
  48  9:40  Unknown x4  
  48  9:41  Unknown x3  
  48  9:45  Unknown  
  52  9:46  Unknown x2  
  52  9:47  Unknown x10  
  52  9:48  Unknown x12  
  52  9:50  Unknown x4  
  52  9:51  Unknown  
  52  9:52  Unknown  
  52  9:55  Unknown  
  52  9:58  Unknown  
  52  9:59  Unknown x2  
  52  10:00  Unknown x34  
  52  10:01  Unknown  
  52  10:02  Unknown x4  
  52  10:03  Unknown x3  
  52  10:04  Unknown x4  
  52  10:05  Unknown x3  
  52  10:06  Unknown  
  52  10:07  Unknown x2  
  52  10:08  Unknown x2  
  52  10:09  Unknown  
  52  10:13  Unknown  
  52  10:15  Unknown  
  52  10:16  Unknown  
  52  10:19  Unknown x7  
  52  10:20  Unknown  
  52  10:21  Unknown x73  
  52  10:22  Unknown x7  
  52  10:23  Unknown x4  
  52  10:24  Unknown x3  
  52  10:25  Unknown  
  55  10:28  Unknown x4  
  55  10:30  Unknown x7  
  55  10:32  Unknown  
  55  10:34  Unknown x9  
  55  10:35  Unknown x17  
  59  10:36  Unknown x9  
  59  10:37  Unknown  
  59  10:38  Unknown  
  59  10:39  Unknown  
  59  10:41  Unknown  
  59  10:42  Unknown x6  
  59  10:43  Unknown x28  
  59  10:44  Unknown x2  
  59  10:45  Unknown x2  
  59  10:46  Unknown  
  59  10:47  Unknown x3  
  59  10:50  Unknown  
  59  10:53  Unknown  
  59  10:54  Unknown x2  
  59  10:55  Unknown  
  59  10:57  Unknown  
  59  10:58  Unknown  
  59  10:59  Unknown  
  59  11:01  Unknown x9  
  59  11:02  Unknown x9  
  59  11:04  Unknown x67  
  59  11:05  Unknown x2  
  59  11:07  Unknown x3  
  59  11:10  Unknown  
  59  11:11  Unknown  
  59  11:13  Unknown  
  59  11:14  Unknown  
  59  11:15  Unknown  
  59  11:16  Unknown x2  
  59  11:17  Unknown  
  59  11:18  Unknown  
  59  11:19  Unknown x2  
  59  11:20  Unknown  
  59  11:21  Unknown x2  
  59  11:22  Unknown  
  59  11:24  Unknown  
  63  11:25  Unknown x16  
  63  11:26  Unknown x16  
  63  11:28  Unknown x2  
  63  11:30  Unknown x3  
  63  11:31  Unknown x4  
  63  11:32  Unknown  
  63  11:33  Unknown x2  
  63  11:34  Unknown  
  63  11:35  Unknown  
  63  11:36  Unknown  
  63  11:38  Unknown  
  63  11:41  Unknown  
  63  11:45  Unknown x2  
  63  11:47  Unknown x68  
  63  11:48  Unknown  
  63  11:50  Unknown x2  
  63  11:51  Unknown x7  
  63  11:53  Unknown  
  67  11:55  Unknown  
  67  11:57  Unknown  
  67  11:58  Unknown x10  
  67  11:59  Unknown x9  
  67  12:00  Unknown x2  
  67  12:01  Unknown x5  
  70  12:02  Unknown x6  
  70  12:03  Unknown x4  
  70  12:04  Unknown x4  
  70  12:05  Unknown  
  70  12:07  Unknown x2  
  70  12:08  Unknown x33  
  70  12:09  Unknown x6  
  70  12:10  Unknown x6  
  70  12:11  Unknown  
  70  12:13  Unknown  
  70  12:15  Unknown  
  70  12:19  Unknown x3  
  70  12:20  Unknown  
  70  12:21  Unknown  
  70  12:22  Unknown x2  
  70  12:23  Unknown x6  
  70  12:24  Unknown  
  70  12:26  Unknown x2  
  70  12:27  Unknown  
  74  12:30  Unknown x73  
  74  12:31  Unknown x5  
  74  12:32  Unknown x4  
  74  12:33  Unknown x2  
  74  12:36  Unknown x2  
  74  12:38  Unknown  
  74  12:39  Unknown  
  74  12:41  Unknown x2  
  74  12:43  Unknown  
  74  12:45  Unknown  
  74  12:47  Unknown  
  74  12:50  Unknown  
  74  12:51  Unknown x32  
  74  12:53  Unknown  
  74  12:54  Unknown x12  
  74  12:55  Unknown x2  
  74  12:57  Unknown  
  74  12:58  Unknown x7  
  74  12:59  Unknown  
  74  13:00  Unknown  
  74  13:02  Unknown  
  74  13:04  Unknown x2  
  74  13:05  Unknown x3  
  74  13:07  Unknown x6  
  74  13:08  Unknown x2  
  74  13:10  Unknown  
  74  13:11  Unknown  
  74  13:12  Unknown  
  74  13:13  Unknown x69  
  74  13:14  Unknown x2  
  74  13:15  Unknown  
  74  13:16  Unknown x3  
  74  13:17  Unknown x11  
  74  13:18  Unknown x4  
  74  13:19  Unknown x6  
  78  13:21  Unknown  
  78  13:24  Unknown  
  78  13:26  Unknown x6  
  78  13:27  Unknown x21  
  82  13:28  Unknown x28  
  82  13:29  Unknown x9  
  82  13:30  Unknown  
  82  13:31  Unknown  
  82  13:32  Unknown  
  82  13:33  Unknown x2  
  82  13:34  Unknown x32  
  82  13:35  Unknown  
  82  13:36  Unknown  
  82  13:38  Unknown  
  82  13:41  Unknown x11  
  82  13:42  Unknown x13  
  82  13:45  Unknown x2  
  82  13:47  Unknown  
  82  13:48  Unknown  
  82  13:49  Unknown x7  
  82  13:50  Unknown x2  
  82  13:52  Unknown  
  82  13:53  Unknown  
  82  13:55  Unknown x28  
  82  13:56  Unknown x53  
  82  13:57  Unknown x10  
  82  13:58  Unknown x2  
  82  13:59  Unknown x6  
  82  14:02  Unknown x2  
  86  14:04  Unknown  
  86  14:05  Unknown x2  
  86  14:06  Unknown x2  
  86  14:07  Unknown x2  
  86  14:08  Unknown x15  
  86  14:09  Unknown x13  
  86  14:10  Unknown x14  
  86  14:13  Unknown  
  86  14:15  Unknown  
  86  14:16  Unknown  
  86  14:17  Unknown x32  
  86  14:19  Unknown x2  
  86  14:21  Unknown x2  
  86  14:22  Unknown  
  86  14:23  Unknown x2  
  90  14:24  Unknown x2  
  90  14:26  Unknown x3  
  90  14:27  Unknown x13  
  90  14:28  Unknown  
  90  14:30  Unknown  
  90  14:32  Unknown x3  
  90  14:33  Unknown x2  
  90  14:36  Unknown x2  
  90  14:37  Unknown x8  
  93  14:38  Unknown x52  
  93  14:39  Unknown x18  
  93  14:40  Unknown x4  
  93  14:41  Unknown x16  
  93  14:42  Unknown  
  93  14:43  Unknown x2  
  93  14:44  Unknown  
  93  14:45  Unknown x3  
  96  14:47  Unknown x3  
  96  14:50  Unknown x2  
  96  14:52  Unknown  
  98  14:53  Unknown x7  
  98  14:54  Unknown x18  
  98  14:55  Unknown x7  
  98  14:56  Unknown  
  98  14:57  Unknown x2  
  98  14:58  Unknown  
  98  14:59  Unknown x4  
  100  15:00  Unknown x34  
  100  15:02  Unknown  
  100  15:04  Unknown  
  100  15:07  Unknown x16  
  100  15:08  Unknown x4  
  100  15:10  Unknown x2  
  100  15:11  Unknown x2  
  100  15:13  Unknown  
  100  15:14  Unknown x2  
  100  15:15  Unknown  
  100  15:16  Unknown x2  
  100  15:17  Unknown x2  
  100  15:18  Unknown x7  
  100  15:19  Unknown x7  
  104  15:21  Unknown x72  
  104  15:24  Unknown  
  104  15:25  Unknown  
  104  15:26  Unknown  
  104  15:28  Unknown x4  
  104  15:30  Unknown x15  
  104  15:31  Unknown x2  
  104  15:32  Unknown  
  104  15:33  Unknown x2  
  104  15:34  Unknown  
  104  15:35  Unknown  
  104  15:36  Unknown x4  
  104  15:37  Unknown x21  
  104  15:38  Unknown  
  104  15:41  Unknown  
  104  15:42  Unknown x16  
  104  15:43  Unknown x30  
  104  15:45  Unknown x3  
  104  15:46  Unknown x2  
  104  15:47  Unknown  
  104  15:48  Unknown  
  104  15:49  Unknown x9  
  104  15:50  Unknown x2  
  104  15:51  Unknown  
  104  15:52  Unknown  
  104  15:53  Unknown  
  104  15:55  Unknown  
  104  15:58  Unknown  
  104  15:59  Unknown  
  104  16:01  Unknown  
  104  16:02  Unknown x3  
  104  16:03  Unknown  
  108  16:04  Unknown x66  
  108  16:05  Unknown  
  108  16:06  Unknown x3  
  108  16:07  Unknown x2  
  108  16:09  Unknown  
  108  16:10  Unknown  
  108  16:13  Unknown  
  108  16:15  Unknown  
  108  16:16  Unknown  
  108  16:19  Unknown x3  
  108  16:20  Unknown  
  108  16:21  Unknown  
  108  16:22  Unknown  
  108  16:23  Unknown x3  
  108  16:24  Unknown x2  
  108  16:25  Unknown x16  
  108  16:26  Unknown x17  
  108  16:27  Unknown  
  108  16:30  Unknown  
  108  16:32  Unknown x2  
  108  16:33  Unknown x7  
  108  16:36  Unknown x3  
  108  16:37  Unknown  
  108  16:38  Unknown  
  108  16:39  Unknown  
  108  16:40  Unknown x2  
  108  16:41  Unknown x3  
  108  16:43  Unknown  
  108  16:45  Unknown  
  108  16:47  Unknown x69  
  108  16:50  Unknown x3  
  108  16:52  Unknown x5  
  108  16:53  Unknown x2  
  108  16:54  Unknown x2  
  108  16:55  Unknown  
  108  16:57  Unknown x3  
  108  16:58  Unknown  
  108  16:59  Unknown x2  
  108  17:00  Unknown  
  108  17:02  Unknown  
  108  17:04  Unknown  
  108  17:07  Unknown  
  108  17:08  Unknown x30  
  112  17:09  Unknown x4  
  112  17:10  Unknown x7  
  112  17:11  Unknown x3  
  112  17:13  Unknown  
  112  17:14  Unknown x2  
  112  17:15  Unknown x2  
  116  17:16  Unknown x2  
  116  17:17  Unknown  
  116  17:19  Unknown  
  116  17:21  Unknown  
  116  17:24  Unknown x2  
  116  17:25  Unknown x2  
  116  17:28  Unknown x4  
  120  17:30  Unknown x71  
  120  17:31  Unknown x2  
  120  17:32  Unknown x2  
  120  17:33  Unknown x2  
  120  17:35  Unknown  
  120  17:36  Unknown  
  120  17:38  Unknown  
  120  17:41  Unknown  
  120  17:42  Unknown x2  
  120  17:43  Unknown x6  
  124  17:45  Unknown x3  
  124  17:46  Unknown  
  124  17:47  Unknown x2  
  124  17:48  Unknown  
  124  17:49  Unknown x3  
  124  17:50  Unknown x2  
  124  17:51  Unknown x33  
  124  17:52  Unknown  
  124  17:53  Unknown  
  124  17:55  Unknown  
  124  17:56  Unknown x7  
  124  17:57  Unknown  
  124  17:58  Unknown  
  124  17:59  Unknown x2  
  124  18:00  Unknown  
  124  18:02  Unknown x3  
  124  18:03  Unknown  
  124  18:04  Unknown  
  124  18:05  Unknown  
  124  18:06  Unknown x3  
  124  18:07  Unknown x15  
  124  18:08  Unknown x4  
  124  18:09  Unknown x6  
  124  18:10  Unknown x10  
  124  18:11  Unknown x8  
  124  18:12  Unknown x14  
  124  18:13  Unknown x86  
  124  18:14  Unknown x2  
  124  18:15  Unknown x11  
  124  18:16  Unknown x3  
  124  18:17  Unknown x3  
  124  18:19  Unknown x9  
  124  18:20  Unknown  
  124  18:21  Unknown x13  
  124  18:22  Unknown x2  
  124  18:23  Unknown x3  
  124  18:24  Unknown x2  
  124  18:26  Unknown x9  
  124  18:27  Unknown x6  
  124  18:28  Unknown x12  
  124  18:29  Unknown x6  
  124  18:30  Unknown x3  
  124  18:32  Unknown x8  
  124  18:33  Unknown x16  
  124  18:34  Unknown x45  
  124  18:35  Unknown x15  
  124  18:36  Unknown x5  
  124  18:37  Unknown x7  
  124  18:38  Unknown x5  
  124  18:39  Unknown x25  
  124  18:40  Unknown x12  
  124  18:41  Unknown x30  
  124  18:42  Unknown x19  
  124  18:43  Unknown x23  
  124  18:44  Unknown x18  
  124  18:45  Unknown x6  
  124  18:46  Unknown  
  124  18:47  Unknown x2  
  124  18:50  Unknown x3  
  124  18:52  Unknown x4  
  124  18:53  Unknown x7  
  124  18:54  Unknown x7  
  124  18:55  Unknown x30  
  124  18:56  Unknown x50  
  124  18:57  Unknown x6  
  124  18:58  Unknown x17  
  124  18:59  Unknown x13  
  124  19:00  Unknown x9  
  124  19:01  Unknown x19  
  124  19:02  Unknown x5  
  124  19:03  Unknown x4  
Tags
 
Add a new tag
Caveats
  • Supply blocks, unpowered buildings, or Contaminate may cause inaccurate times.
  • Supply counts are checked every 10 seconds.